AoeStats
← Whisper x

Arabian Desert

510286762Analyzed
1v1 RM · 1d ago on Sep 30, 2026· 20m 11s· 2 players
Game mode
Random Map
Map size
Tiny (2 player)
Population
200
Speed
Normal
Resources
Standard
Victory
Conquest
Starting age
Dark Age
Ending age
Imperial Age
RankedLock teamsTeams togetherTeam positionsShared explorationLock speedFull tech treeHidden civsTurbo modeCheats
Victory
Defeat
🇪🇸 Romans · Spain
611
+12
🇹🇷 Bohemians · Türkiye
512
-12
Ekanber
0:43 Loom
11:56 Feudal Age
12:22 Double-Bit Axe
12:20 Horse Collar
13:51 Wheelbarrow
Whisper x
0:30 Loom
13:10 Feudal Age
13:14 Man-at-Arms
16:40 Scale Mail Armor
Connection lost

Rejoining the realm…

Still unreachable

The connection could not be restored.

Session expired

The server has moved on; the page needs a fresh start.